| TOP OF THE 1ST |
|
New York Mets batting - Pitching for Milwaukee Brewers : RHP John York
|
|
Pitching: RHP John York
|
|
|
Batting: SHB Sean Cook
|
0-0: Swinging Strike 0-1: Foul Ball, location: 2F 0-2: Ball 1-2: Ball 2-2: Foul Ball, location: 2F 2-2: Foul Ball, location: 2F 2-2: Ball 3-2: Foul Ball, location: 2F 3-2: Fly out, F8 (Flyball, 8RM, EV 78.8 MPH)
|
|
Batting: LHB Kevin Bellman
|
0-0: Called Strike 0-1: Called Strike 0-2: Strikes out looking
|
|
Batting: SHB Gus Berry
|
0-0: Ball 1-0: Ground out U3 (Groundball, 34, EV 90.6 MPH)
|
| Top of the 1st over - 0 runs, 0 hits, 0 errors, 0 left on base; New York 0 - Milwaukee 0 |
| BOTTOM OF THE 1ST |
|
Milwaukee Brewers batting - Pitching for New York Mets : RHP Jeff Jank
|
|
Pitching: RHP Jeff Jank
|
|
|
Batting: SHB Jason Woods
|
0-0: Ball 1-0: Ball 2-0: Fly out, F9 (Line Drive, 9LM, EV 102.5 MPH)
|
|
Batting: RHB Akitada Nishizawa
|
0-0: Ball 1-0: Called Strike 1-1: Called Strike 1-2: SINGLE (Line Drive, 56D, EV 96.9 MPH)
|
|
Batting: RHB Noah Stanley
|
0-0: Ball Akitada Nishizawa steals 2nd base 1-0: Ground out 4-3 (Groundball, 4, EV 102.5 MPH) Akitada Nishizawa to third
|
|
Batting: RHB Bobby Muniz
|
0-0: Ball 1-0: Ball 2-0: Foul Ball, location: 2F 2-1: Called Strike 2-2: DOUBLE (Flyball, 8RXD, EV 103.1 MPH) Akitada Nishizawa scores
|
|
Batting: SHB Jean-François Bernard
|
0-0: Ball 1-0: Foul Ball, location: 2F 1-1: Ball 2-1: Ground out 5-3 (Groundball, 5S, EV 76.2 MPH)
|
| Bottom of the 1st over - 1 run, 2 hits, 0 errors, 1 left on base; New York 0 - Milwaukee 1 |
| TOP OF THE 2ND |
|
New York Mets batting - Pitching for Milwaukee Brewers : RHP John York
|
|
Batting: SHB Harry Hoop
|
0-0: Called Strike 0-1: Foul Ball, location: 2F 0-2: Hit by Pitch
|
|
Batting: SHB Roberto Magne
|
0-0: Swinging Strike 0-1: Foul Ball, location: 2F 0-2: Ball 1-2: Strikes out swinging
|
|
Batting: LHB Sal Fernandez
|
0-0: Ball 1-0: Ball 2-0: Called Strike 2-1: Ground out 4-3 (Groundball, 34, EV 110.0 MPH) Harry Hoop to second
|
|
Batting: SHB Scott Scott
|
0-0: Ball 1-0: SINGLE (Groundball, 56D, EV 94.4 MPH) Harry Hoop to third Runner from 3rd tries for Home, SAFE, throw by LF to home
|
|
Batting: SHB Jason Larson
|
0-0: Called Strike 0-1: Ball 1-1: Ball 2-1: Called Strike 2-2: 2-RUN HOME RUN (Flyball, 9D, EV 110.0 MPH) (Inside the Park)
|
|
Batting: RHB Jeff MacPhee
|
0-0: Ball 1-0: Ball 2-0: Called Strike 2-1: Fly out, F4 (Line Drive, 4M, EV 93.1 MPH)
|
| Top of the 2nd over - 3 runs, 2 hits, 0 errors, 0 left on base; New York 3 - Milwaukee 1 |
| BOTTOM OF THE 2ND |
|
Milwaukee Brewers batting - Pitching for New York Mets : RHP Jeff Jank
|
|
Batting: RHB Daniel Donovan
|
0-0: Foul Ball, location: 2F 0-1: Ball 1-1: Foul Ball, location: 2F 1-2: Ball 2-2: SINGLE (Line Drive, 89M, EV 101.2 MPH)
|
|
Batting: LHB Alfredo de la Cruz
|
0-0: Called Strike 0-1: Ball 1-1: Bunted foul 1-2: Strikes out looking
|
|
Batting: RHB Mike Ball
|
0-0: Called Strike 0-1: Ball 1-1: Called Strike 1-2: Fly out, F7 (Line Drive, 78M, EV 97.5 MPH)
|
|
Batting: RHB Ben Campbell
|
0-0: DOUBLE (Line Drive, 78D, EV 111.2 MPH) Daniel Donovan to third Runner from 3rd tries for Home, SAFE, throw by CF to home
|
|
Batting: SHB Jason Woods
|
0-0: Ball 1-0: Ball 2-0: Foul Ball, location: 2F 2-1: Ball 3-1: Fly out, F9 (Flyball, 9, EV 97.5 MPH)
|
| Bottom of the 2nd over - 1 run, 2 hits, 0 errors, 1 left on base; New York 3 - Milwaukee 2 |
| TOP OF THE 3RD |
|
New York Mets batting - Pitching for Milwaukee Brewers : RHP John York
|
|
Batting: SHB Sean Cook
|
0-0: Ball 1-0: Called Strike 1-1: Swinging Strike 1-2: Strikes out swinging
|
|
Batting: LHB Kevin Bellman
|
0-0: Called Strike 0-1: Foul Ball, location: 2F 0-2: Ball 1-2: Ball 2-2: Fly out, F2 (Popup, 2L, EV 92.5 MPH)
|
|
Batting: SHB Gus Berry
|
0-0: Swinging Strike 0-1: Ball 1-1: Ball 2-1: Called Strike 2-2: Ball 3-2: Foul Ball, location: 2F 3-2: Base on Balls
|
|
Batting: SHB Harry Hoop
|
0-0: Ball 1-0: Swinging Strike 1-1: SINGLE (Groundball, 4D, EV 94.4 MPH) Gus Berry to second Runner from 2nd tries for 3rd, SAFE, throw by CF made to third
|
|
Batting: SHB Roberto Magne
|
0-0: Ball 1-0: Fly out, F9 (Flyball, 89S, EV 86.9 MPH)
|
| Top of the 3rd over - 0 runs, 1 hit, 0 errors, 2 left on base; New York 3 - Milwaukee 2 |
| BOTTOM OF THE 3RD |
|
Milwaukee Brewers batting - Pitching for New York Mets : RHP Jeff Jank
|
|
Batting: RHB Akitada Nishizawa
|
0-0: Ball 1-0: Ground out 4-3 (Groundball, 4, EV 84.4 MPH)
|
|
Batting: RHB Noah Stanley
|
0-0: Called Strike 0-1: Ball 1-1: Ball 2-1: Called Strike 2-2: Foul Ball, location: 2F 2-2: Ground out 1-3 (Groundball, 25, EV 68.8 MPH)
|
|
Batting: RHB Bobby Muniz
|
0-0: Called Strike 0-1: Called Strike 0-2: Ball 1-2: Ball 2-2: Strikes out swinging
|
| Bottom of the 3rd over - 0 runs, 0 hits, 0 errors, 0 left on base; New York 3 - Milwaukee 2 |
| TOP OF THE 4TH |
|
New York Mets batting - Pitching for Milwaukee Brewers : RHP John York
|
|
Batting: LHB Sal Fernandez
|
0-0: Swinging Strike 0-1: Ball 1-1: SINGLE (Groundball, 6S, EV 68.8 MPH) (infield hit)
|
|
Batting: SHB Scott Scott
|
0-0: Ball 1-0: Foul Ball, location: 2F 1-1: Foul Ball, location: 2F 1-2: Fielders Choice at 2nd, 4-6 (Groundball, 13, EV 87.5 MPH)
|
|
Batting: SHB Jason Larson
|
0-0: Called Strike 0-1: Ball 1-1: Called Strike 1-2: Strikes out looking
|
|
Batting: RHB Jeff MacPhee
|
0-0: Called Strike 0-1: Ball 1-1: Ball 2-1: Ball 3-1: Base on Balls Scott Scott to second
|
|
Batting: SHB Sean Cook
|
0-0: Ball 1-0: Foul Ball, location: 2F 1-1: Foul Ball, location: 2F 1-2: Ball 2-2: Foul Ball, location: 2F 2-2: Ball 3-2: SINGLE (Groundball, 4MD, EV 107.5 MPH) Scott Scott to third Jeff MacPhee to second Scott Scott scores Jeff MacPhee to third
|
|
Batting: LHB Kevin Bellman
|
0-0: Ball 1-0: Ball 2-0: Fly out, F8 (Flyball, 8RM, EV 84.4 MPH)
|
| Top of the 4th over - 1 run, 2 hits, 0 errors, 2 left on base; New York 4 - Milwaukee 2 |
| BOTTOM OF THE 4TH |
|
Milwaukee Brewers batting - Pitching for New York Mets : RHP Jeff Jank
|
|
Batting: SHB Jean-François Bernard
|
0-0: Fly out, F4 (Flyball, 4D, EV 87.5 MPH)
|
|
Batting: RHB Daniel Donovan
|
0-0: Ball 1-0: Called Strike 1-1: Fly out, F4 (Line Drive, 4, EV 63.1 MPH)
|
|
Batting: LHB Alfredo de la Cruz
|
0-0: Ball 1-0: Foul Ball, location: 2F 1-1: Called Strike 1-2: Foul Ball, location: 2F 1-2: Ball 2-2: Ground out U3 (Groundball, 3L, EV 88.1 MPH)
|
| Bottom of the 4th over - 0 runs, 0 hits, 0 errors, 0 left on base; New York 4 - Milwaukee 2 |
| TOP OF THE 5TH |
|
New York Mets batting - Pitching for Milwaukee Brewers : RHP John York
|
|
Batting: SHB Gus Berry
|
0-0: Foul Ball, location: 2F 0-1: Ball 1-1: Called Strike 1-2: Foul Ball, location: 2F 1-2: Ball 2-2: Fly out, F7 (Flyball, 7S, EV 89.4 MPH)
|
|
Batting: SHB Harry Hoop
|
0-0: Called Strike 0-1: Foul Ball, location: 2F 0-2: Foul Ball, location: 2F 0-2: Ball 1-2: Strikes out swinging
|
|
Batting: SHB Roberto Magne
|
0-0: Ball 1-0: Ball 2-0: Foul Ball, location: 2F 2-1: Swinging Strike 2-2: Ground out U3 (Groundball, 34S, EV 84.4 MPH)
|
| Top of the 5th over - 0 runs, 0 hits, 0 errors, 0 left on base; New York 4 - Milwaukee 2 |
| BOTTOM OF THE 5TH |
|
Milwaukee Brewers batting - Pitching for New York Mets : RHP Jeff Jank
|
|
Batting: RHB Mike Ball
|
0-0: Ball 1-0: Ball 2-0: Called Strike 2-1: Ball 3-1: Called Strike 3-2: Foul Ball, location: 2F 3-2: Foul Ball, location: 2F 3-2: Ground out 6-3 (Groundball, 56, EV 78.8 MPH)
|
|
Batting: RHB Ben Campbell
|
0-0: Ball 1-0: Called Strike 1-1: SINGLE (Groundball, 56D, EV 107.5 MPH)
|
|
Batting: SHB Jason Woods
|
0-0: Ball 1-0: SINGLE (Groundball, 34D, EV 96.9 MPH) Ben Campbell to second Runner from 2nd tries for 3rd, SAFE, no throw by RF
|
|
Batting: RHB Akitada Nishizawa
|
0-0: Ball 1-0: Foul Ball, location: 2F 1-1: Ball 2-1: SINGLE (Line Drive, 6MD, EV 97.5 MPH) Ben Campbell scores Jason Woods to second
|
|
Batting: RHB Noah Stanley
|
0-0: Ball 1-0: Foul Ball, location: 2F 1-1: Ball 2-1: Foul Ball, location: 2F 2-2: Ball 3-2: SINGLE (Line Drive, 78S, EV 96.9 MPH) Jason Woods to third Akitada Nishizawa to second Runner from 3rd tries for Home, SAFE, throw by LF to home
|
|
Batting: RHB Bobby Muniz
|
0-0: Called Strike 0-1: Ball 1-1: Fly out, F7 (Line Drive, 7LM, EV 110.6 MPH)
|
|
Batting: SHB Jean-François Bernard
|
0-0: Ball 1-0: Ball 2-0: DOUBLE (Groundball, 3L, EV 95.0 MPH) Akitada Nishizawa scores Noah Stanley to third
|
|
Pitching: RHP Victor Morin
|
|
|
Batting: RHB Daniel Donovan
|
0-0: Ground out 6-3 (Groundball, 6M, EV 86.2 MPH)
|
| Bottom of the 5th over - 3 runs, 5 hits, 0 errors, 2 left on base; New York 4 - Milwaukee 5 |
| TOP OF THE 6TH |
|
New York Mets batting - Pitching for Milwaukee Brewers : RHP John York
|
|
Batting: LHB Sal Fernandez
|
0-0: Swinging Strike 0-1: Foul Ball, location: 2F 0-2: Ball 1-2: Strikes out swinging
|
|
Pitching: RHP Dave Bible
|
|
|
Batting: SHB Scott Scott
|
0-0: Ball 1-0: Foul Ball, location: 2F 1-1: Swinging Strike 1-2: Ball 2-2: Strikes out swinging
|
|
Batting: SHB Jason Larson
|
0-0: Called Strike 0-1: Ball 1-1: Ball 2-1: Ball 3-1: SINGLE (Groundball, 6MD, EV 99.4 MPH) (infield hit)
|
|
Batting: RHB Jeff MacPhee
|
0-0: Ball 1-0: Ball 2-0: Fielders Choice at 2nd, 6-4 (Groundball, 56, EV 88.1 MPH)
|
| Top of the 6th over - 0 runs, 1 hit, 0 errors, 1 left on base; New York 4 - Milwaukee 5 |
| BOTTOM OF THE 6TH |
|
Milwaukee Brewers batting - Pitching for New York Mets : RHP Victor Morin
|
|
Batting: LHB Alfredo de la Cruz
|
0-0: Ball 1-0: Foul Ball, location: 2F 1-1: Ball 2-1: Ball 3-1: Called Strike 3-2: Fly out, F7 (Flyball, 7, EV 88.1 MPH)
|
|
Batting: RHB Mike Ball
|
0-0: Ball 1-0: Foul Ball, location: 2F 1-1: Ball 2-1: Ground out 4-3 (Groundball, 4, EV 91.2 MPH)
|
|
Batting: RHB Ben Campbell
|
0-0: Foul Ball, location: 2F 0-1: Foul Ball, location: 2F 0-2: Ball 1-2: Ball 2-2: Foul Ball, location: 2F 2-2: SINGLE (Groundball, 56D, EV 99.4 MPH)
|
|
Batting: SHB Jason Woods
|
0-0: Foul Ball, location: 2F 0-1: Foul Ball, location: 2F 0-2: Ground out 4-3 (Groundball, 4, EV 86.9 MPH)
|
| Bottom of the 6th over - 0 runs, 1 hit, 0 errors, 1 left on base; New York 4 - Milwaukee 5 |
| TOP OF THE 7TH |
|
New York Mets batting - Pitching for Milwaukee Brewers : RHP Dave Bible
|
|
Batting: SHB Sean Cook
|
0-0: Ball 1-0: Fly out, F7 (Flyball, 7D, EV 104.4 MPH)
|
|
Batting: LHB Kevin Bellman
|
0-0: Called Strike 0-1: Swinging Strike 0-2: Ground out 2-3 (Groundball, 15S, EV 65.0 MPH)
|
|
Batting: SHB Gus Berry
|
0-0: Called Strike 0-1: Fly out, F7 (Flyball, 7LM, EV 97.5 MPH)
|
| Top of the 7th over - 0 runs, 0 hits, 0 errors, 0 left on base; New York 4 - Milwaukee 5 |
| BOTTOM OF THE 7TH |
|
Milwaukee Brewers batting - Pitching for New York Mets : RHP Victor Morin
|
|
Pitching: LHP Xu-gang Zhou
|
|
|
Batting: RHB Akitada Nishizawa
|
0-0: Fly out, F8 (Flyball, 78D, EV 92.5 MPH)
|
|
Batting: RHB Noah Stanley
|
0-0: Ball 1-0: Swinging Strike 1-1: Swinging Strike 1-2: Ball 2-2: Strikes out looking
|
|
Batting: RHB Bobby Muniz
|
0-0: Foul Ball, location: 2F 0-1: Ground out 4-3 (Groundball, 4, EV 104.4 MPH)
|
| Bottom of the 7th over - 0 runs, 0 hits, 0 errors, 0 left on base; New York 4 - Milwaukee 5 |
| TOP OF THE 8TH |
|
New York Mets batting - Pitching for Milwaukee Brewers : RHP Dave Bible
|
|
Pitching: RHP Chitoji Takemoto
|
|
|
Batting: SHB Harry Hoop
|
0-0: Ball 1-0: Foul Ball, location: 2F 1-1: Ball 2-1: SINGLE (Groundball, 34S, EV 73.1 MPH) (infield hit)
|
|
Batting: SHB Roberto Magne
|
0-0: Foul Ball, location: 2F 0-1: Foul Ball, location: 2F 0-2: Hit by Pitch Harry Hoop to second
|
|
Batting: LHB Sal Fernandez
|
0-0: Fly out, F7 (Flyball, 78S, EV 93.8 MPH)
|
|
Batting: SHB Scott Scott
|
0-0: Ball 1-0: Ball 2-0: Foul Ball, location: 2F 2-1: Swinging Strike 2-2: Strikes out swinging
|
|
Batting: SHB Jason Larson
|
0-0: Ball 1-0: Called Strike 1-1: Foul Ball, location: 2F 1-2: Foul Ball, location: 2F 1-2: Strikes out swinging
|
| Top of the 8th over - 0 runs, 1 hit, 0 errors, 2 left on base; New York 4 - Milwaukee 5 |
| BOTTOM OF THE 8TH |
|
Milwaukee Brewers batting - Pitching for New York Mets : LHP Xu-gang Zhou
|
|
Batting: SHB Jean-François Bernard
|
0-0: Called Strike 0-1: Foul Ball, location: 2F 0-2: SINGLE (Groundball, 34D, EV 99.4 MPH)
|
|
Batting: RHB Daniel Donovan
|
0-0: Ball 1-0: Foul Ball, location: 2F 1-1: Foul Ball, location: 2F 1-2: Ball 2-2: Ball 3-2: Base on Balls Jean-François Bernard to second
|
|
Batting: LHB Alfredo de la Cruz
|
0-0: Ball 1-0: Called Strike 1-1: Fly out, F8 (Flyball, 8LD, EV 98.8 MPH) Runner from 2nd tags up, OUT at 3rd! 8-5
|
|
Batting: RHB Mike Ball
|
0-0: Fielders Choice at 2nd, 5-4 (Groundball, 5L, EV 104.4 MPH)
|
| Bottom of the 8th over - 0 runs, 1 hit, 0 errors, 1 left on base; New York 4 - Milwaukee 5 |
| TOP OF THE 9TH |
|
New York Mets batting - Pitching for Milwaukee Brewers : RHP Chitoji Takemoto
|
|
Pitching: LHP Zach Purvis
|
|
|
Batting: RHB Jeff MacPhee
|
0-0: Foul Ball, location: 2F 0-1: Ball 1-1: Ground out 5-3 (Groundball, 5L, EV 85.0 MPH)
|
|
Batting: SHB Sean Cook
|
0-0: Ball 1-0: Foul Ball, location: 2F 1-1: Foul Ball, location: 2F 1-2: Ball 2-2: Foul Ball, location: 2F 2-2: Ball 3-2: Base on Balls
|
|
Batting: LHB Kevin Bellman
|
0-0: Ball 1-0: Called Strike 1-1: Ball 2-1: Ball 3-1: Base on Balls Sean Cook to second
|
|
Batting: SHB Gus Berry
|
0-0: Called Strike 0-1: Ball 1-1: Swinging Strike 1-2: Foul Ball, location: 2F 1-2: Strikes out swinging
|
|
Batting: SHB Harry Hoop
|
0-0: Foul Ball, location: 2F 0-1: Called Strike 0-2: Foul Ball, location: 2F 0-2: Foul Ball, location: 2F 0-2: Strikes out swinging
|
| Top of the 9th over - 0 runs, 0 hits, 0 errors, 2 left on base; New York 4 - Milwaukee 5 |
|